 Dungeon Crawl Stone Soup version 0.26-a0-21-gf97e55dc39 (webtiles) character file.

Game seed: 13514019310148647376, levelgen mode: deterministic

646 Aksej the Skirmisher (level 7, 0/54 HPs)
             Began as a Minotaur Fighter on May 26, 2020.
             Slain by a hippogriff (3 damage)
             ... on level 7 of the Dungeon.
             The game lasted 00:08:51 (2789 turns).

Aksej the Skirmisher (Minotaur Fighter)             Turns: 2789, Time: 00:08:51

Health: 0/54       AC:  8    Str: 20    XL:     7   Next: 27%
Magic:  6/6        EV:  9    Int:  5    God:
Gold:   124        SH: 10    Dex: 12    Spells: 6/6 levels left

rFire    . . .     SeeInvis .   a - +0 long sword
rCold    . . .     Gourm    .   c - +0 kite shield
rNeg     . . .     Faith    .   b - +0 scale mail
rPois    .         Spirit   .   (helmet restricted)
rElec    .         Reflect  .   e - +0 cloak
rCorr    .         Harm     .   (no gloves)
MR       .....     Rnd*Rage +   (no boots)
Stlth    ..........             i - amulet of the acrobat
HPRegen  0.18/turn              (no ring)
MPRegen  0.10/turn              (no ring)

@: mighty, berserk cooldown
A: retaliatory headbutt, fangs 1, horns 2, berserk 1, frail 1, wild magic 1
a: no special abilities


You were on level 7 of the Dungeon.
You were not hungry.

You visited 1 branch of the dungeon, and saw 5 of its levels.

You collected 124 gold pieces.

Inventory:

Hand Weapons
 a - a +0 long sword (weapon)
Missiles
 k - 7 silver javelins (quivered)
Armour
 b - a +0 scale mail (worn)
 c - a +0 kite shield (worn)
 e - a +0 cloak (worn)
Jewellery
 i - an amulet of the acrobat (around neck)
 j - an uncursed amulet of faith
Wands
 h - a wand of flame (23)
Scrolls
 l - a scroll of remove curse
Potions
 o - a potion of ambrosia {unknown}
Comestibles
 f - 3 rations


   Skills:
 * Level 5.5 Fighting
 + Level 5.5 Long Blades
 + Level 0.8 Throwing
 + Level 4.9 Armour
 * Level 3.5 Dodging
 + Level 0.5 Stealth
 + Level 5.3 Shields


You had 6 spell levels left.
You didn't know any spells.
Your spell library was empty.

Dungeon Overview and Level Annotations

Branches:
Dungeon (4/15)
 Temple: D:4-7

Altars:
Sif Muna
Uskayaw
The Shining One


Innate Abilities, Weirdness & Mutations

You reflexively headbutt those who attack you in melee.
You have a pair of horns on your head.
You have very sharp teeth.
You tend to lose your temper in combat.
You are frail. (-10% HP)
Your spells are a little harder to cast, but a little more powerful.


Message History

The hippogriff is heavily wounded.
You block the hippogriff's attack. x2
The hippogriff claws you but does no damage.
The hippogriff bites you. The hippogriff pecks you. The hippogriff claws you.
You completely miss the hippogriff.
The hippogriff is heavily wounded.
The hippogriff bites you!
* * * LOW HITPOINT WARNING * * *
The hippogriff pecks you.
* * * LOW HITPOINT WARNING * * *
The hippogriff claws you.
* * * LOW HITPOINT WARNING * * *
You feel very mighty all of a sudden.
The crimson imp shouts!
The hippogriff barely misses you. The hippogriff closely misses you.
You block the hippogriff's attack.
You slash the hippogriff!
The hippogriff is almost dead.
The hippogriff bites you.
You die...

#### ####
#####..###..##
##..###.##.##.##
#.....##.##.##_#
#...##.##5##.###
.......##...#H@.##.
#........#########.
........##.#.####..
.....[.## #.....#.##
...###. ....?#...# #
.....## .. ##.^..# .#
....# #.##....####.##
.....#
###.........#...#
..a.
..#...##.#..##..†$..#
...h.


You could see a hippogriff and a crimson imp.

Vanquished Creatures
  Sigmund (D:3)
  A bullfrog (D:7)
  4 killer bees (D:7)
  A crimson imp (D:7)
  A centaur zombie (D:2)
  Jessica (D:2)
  8 adders
  2 oozes
  2 worms (D:3)
  4 dart slugs
  2 leopard geckos
  An orc (D:3)
  4 giant cockroaches
  6 goblins
  6 hobgoblins
  5 jackals
  8 kobolds
  A quokka (D:2)
  4 ball pythons
  7 bats
  4 frilled lizards
  7 rats
80 creatures vanquished.

Notes
Turn   | Place    | Note
-------+----------+-------------------------------------------
     0 | D:1      | Aksej the Minotaur Fighter began the quest for the Orb.
     0 | D:1      | Reached XP level 1. HP: 19/19 MP: 0/0
   286 | D:1      | Reached XP level 2. HP: 27/27 MP: 1/1
  1130 | D:2      | Reached XP level 3. HP: 33/33 MP: 2/2
  1134 | D:2      | Reached skill level 1 in Dodging
  1200 | D:2      | Reached XP level 4. HP: 40/40 MP: 3/3
  1467 | D:2      | Noticed Jessica
  1475 | D:2      | Killed Jessica
  1533 | D:2      | Reached XP level 5. HP: 43/47 MP: 4/4
  1807 | D:2      | Gained mutation: You are frail. (-10% HP) [potion of
                  | mutation]
  1807 | D:2      | Gained mutation: You have very sharp teeth. [potion of
                  | mutation]
  1807 | D:2      | Gained mutation: You tend to lose your temper in combat.
                  | [potion of mutation]
  1807 | D:2      | Gained mutation: Your spells are a little harder to cast,
                  | but a little more powerful. [potion of mutation]
  2034 | D:3      | Found a shimmering blue altar of Sif Muna.
  2034 | D:3      | Found a hide-covered altar of Uskayaw.
  2229 | D:3      | Noticed Sigmund
  2235 | D:3      | Killed Sigmund
  2235 | D:3      | Reached skill level 5 in Fighting
  2235 | D:3      | Reached XP level 6. HP: 41/50 MP: 5/5
  2683 | D:4      | You fall into a shaft and drop 3 floors!
  2688 | D:7      | Noticed a hippogriff
  2697 | D:7      | Reached skill level 5 in Shields
  2700 | D:7      | Reached skill level 5 in Long Blades
  2708 | D:7      | Noticed a water moccasin
  2709 | D:7      | Noticed a hippogriff
  2711 | D:7      | Reached XP level 7. HP: 45/54 MP: 6/6
  2770 | D:7      | Found a glowing golden altar of the Shining One.
  2789 | D:7      | Slain by a hippogriff

Illustrated notes

Levels and vault maps discovered:
D:1:      lightli_arrival_flooded_house, layout_loops_corners
D:2:      layout_basic, uniq_jessica
D:3:      layout_basic, amethyst_overflow_temple_binary, uniq_sigmund
D:4:      layout_rooms, first_ration, minmay_misc_feat_columns,
          minmay_ogre_servants
D:7:      layout_cave_pools, marbit_many_paths, corexii_hall_statues_u,
          uniq_maggie

Skill      XL: |  1  2  3  4  5  6 |
---------------+-------------------+-----
Fighting       | 4 5 |  5.5
Shields        | 4 5 |  5.3
Long Blades    | 3 4 5 |  5.5
Armour         | 4 |  4.9
Dodging        | 1 3 |  3.5
Throwing       | |  0.8
Stealth        | |  0.5

Action                   |  1- 3 |  4- 6 |  7- 9 || total
-------------------------+-------+-------+-------++-------
Melee: Long sword        |    65 |    98 |    15 ||   178
       Headbutt          |     8 |    19 |     4 ||    31
       Bite              |       |     2 |     2 ||     4
Throw: Javelin           |       |     8 |       ||     8
  Use: Scroll            |     6 |     4 |     1 ||    11
       Potion            |     2 |     3 |     1 ||     6
 Stab: Invisible         |     3 |       |       ||     3
  Eat: Chunk             |     1 |     5 |       ||     6
Armor: Scale mail        |    22 |    43 |    18 ||    83
Dodge: Dodged            |    21 |    86 |    26 ||   133
Block: Kite shield       |    32 |    92 |    18 ||   142
       Rpst.: Long sword |     8 |    29 |     5 ||    42

Table legend:
 A = Non-vault XP
 B = Vault XP
 C = Vault XP percentage of total XP
 D = Non-vault monster count
 E = Vault monster count
 F = Vault count percentage of total count
                 A         B        C        D         E       F
            +---------+---------+-------+---------+---------+-------
      Total |     615 |     308 |  33.4 |      77 |       3 |   3.8
            +---------+---------+-------+---------+---------+-------
        D:1 |      39 |       0 |   0.0 |      20 |       0 |   0.0
        D:2 |     171 |      37 |  17.8 |      33 |       1 |   2.9
        D:3 |      66 |     223 |  77.2 |      17 |       1 |   5.6
        D:7 |     339 |      48 |  12.4 |       7 |       1 |  12.5
            +---------+---------+-------+---------+---------+-------
